 Dungeon Crawl Stone Soup version 0.30.0-5-g1a98f26d00 (webtiles) character file.

Game seed: 11492802595290614862

85 Edyrem the Trooper (level 4, -4/38 HPs)
             Began as a Formicid Monk on May 9, 2023.
             Slain by an orc priest
             ... wielding a +0 flail
              (6 damage)
             ... on level 3 of the Dungeon.
             The game lasted 00:04:22 (1773 turns).

Edyrem the Trooper (Formicid Monk)                  Turns: 1773, Time: 00:04:22

Health: -4/38      AC:  8    Str: 17    XL:     4   Next: 75%
Magic:  4/4        EV:  8    Int: 10    God:
Gold:   118        SH:  0    Dex: 16    Spells: 3/3 levels left

rFire   . . .        a - +0 falchion
rCold   . . .        d - orb {light}
rNeg    . . .        o - +0 chain mail
rPois   .            (helmet unavailable)
rElec   .            (no cloak)
rCorr   .            (no gloves)
SInv    +            (no boots)
Will    .....        (no amulet) Stlth
                     (no ring)
HPRegen 0.26/turn    (no ring)
MPRegen 0.09/turn

%: no passive effects
@: glowing
A: permanent stasis, dig shafts and tunnels, antennae 3, four strong arms
a: Dig, Shaft Self


You were on level 3 of the Dungeon.
You visited 1 branch of the dungeon, and saw 3 of its levels.

You collected 131 gold pieces.
You spent 13 gold pieces at shops.

Inventory:

Hand Weapons
 a - a +0 falchion (weapon)
 q - a +1 dagger of speed
Missiles
 e - 6 atropa-tipped darts
 i - 6 boomerangs (quivered)
 n - 2 poisoned darts
Armour
 d - an orb of light (worn)
 o - a +0 chain mail (worn)
Jewellery
 j - a ring of ice
Scrolls
 b - a scroll of poison {unknown}
 f - 2 scrolls of brand weapon {unknown}
 g - a scroll of enchant weapon {unknown}
 h - a scroll of amnesia {unknown}
 l - 2 scrolls of identify {unknown}
 s - a scroll of vulnerability {unknown}
Potions
 c - 2 potions of ambrosia
 k - a potion of flight {unknown}
 m - a potion of attraction {unknown}
 p - a potion of haste {unknown}
 r - a potion of brilliance {unknown}


   Skills:
 * Level 4.4 Fighting
 + Level 3.7 Long Blades
 + Level 2.1 Armour
 - Level 2.6 Dodging


You had 3 spell levels left.
You didn't know any spells.
Your spell library contained the following spells:

 Spells                   Type           Power      Damage    Failure   Level
 Apportation              Tloc           0%         N/A       99%         1
 Necrotise                Necr           0%         1d4       99%         1
 Summon Small Mammal      Summ           0%         N/A       99%         1
 Ensorcelled Hibernation  Hex/Ice        0%         N/A       99%         2
 Passwall                 Tmut/Erth      0%         N/A       99%         2
 Swiftness                Air            Unusable   N/A       N/A         3

Dungeon Overview and Level Annotations

Branches:
Dungeon (3/15)

Altars:
Uskayaw

Shops:
D:3 !


Innate Abilities, Weirdness & Mutations

You cannot be hasted, slowed, berserked, paralysed or teleported.
You can dig through walls and to a lower floor.
You have a pair of large antennae on your head. (SInv)
Your four strong arms can wield two-handed weapons with a shield.


Message History

The orc is moderately wounded.
The orc hits you with a +0 flail. The orc hits you but does no damage.
You hit the orc.
The orc is heavily wounded.
The goblin closely misses you. The orc hits you but does no damage.
The orc hits you with a +0 flail.
You hit the orc.
The orc is heavily wounded.
The orc hits you but does no damage. The orc hits you with a +0 short sword.
The goblin hits you but does no damage.
You barely miss the orc.
The orc is heavily wounded.
The goblin hits you but does no damage. The orc hits you with a +0 short sword.
The orc hits you with a +0 flail.
You barely miss the orc.
The orc is heavily wounded.
The goblin hits you but does no damage. The orc hits you with a +0 short sword.
The orc barely misses you.
A kobold comes into view. It is wielding a +0 short sword.
The kobold shouts!
You hit the orc but do no damage.
The orc is heavily wounded.
An endoplasm comes into view.
The orc hits you with a +0 short sword. The goblin barely misses you.
The orc barely misses you. x2; The goblin barely misses you.
The orc hits you but does no damage.
The endoplasm quivers.
You hit the orc.
The orc is almost dead.
The goblin barely misses you. The orc barely misses you.
The orc hits you with a +0 flail.
You hit the orc.
You kill the orc!
The orc priest invokes the aid of Beogh against you.
Pain shoots through your body!
* * * LOW HITPOINT WARNING * * *
The goblin barely misses you. The orc barely misses you.
The kobold barely misses you.
The orc priest hits you with a +0 flail.
You die...

# #.###
####.#<###.#
#.....o....#
####.#g###.#
#.#@#
.......oK......
!..
####....###..##
... #...J# #
... #....# ...
#..... ...
#..... .#
#...#. .###


You could see an orc priest, an orc, an endoplasm, a goblin and a kobold.

Vanquished Creatures
  3 adders (D:2)
  A worm (D:2)
  2 dart slugs
  5 orcs
  3 bats
  2 endoplasms (D:1)
  6 giant cockroaches
  5 goblins
  4 hobgoblins
  2 quokkas
  A frilled lizard (D:2)
  4 kobolds (D:2)
  4 rats
42 creatures vanquished.

Notes
Turn   | Place    | Note
-------+----------+-------------------------------------------
     0 | D:1      | Edyrem the Formicid Monk began the quest for the Orb.
     0 | D:1      | Reached XP level 1. HP: 18/18 MP: 1/1
   179 | D:1      | Reached XP level 2. HP: 19/24 MP: 2/2
   248 | D:1      | Reached skill level 1 in Armour
   720 | D:2      | Reached XP level 3. HP: 30/30 MP: 3/3
   722 | D:2      | Found a faded altar of an unknown god.
   972 | D:2      | Reached skill level 4 in Fighting
  1059 | D:2      | Reached XP level 4. HP: 26/37 MP: 4/4
  1532 | D:3      | Found Tiaseyr's Distillery.
  1539 | D:3      | Bought a potion of degeneration for 13 gold pieces
  1578 | D:3      | Found a hide-covered altar of Uskayaw.
  1773 | D:3      | Slain by an orc priest

Illustrated notes

Levels and vault maps discovered:
D:1:      scummos_arrival_hexagon, layout_loops_ring
D:2:      layout_basic, shapermc_ecumenical_altar_mp_urbaneastern,
          minmay_worlds_worst_comb
D:3:      layout_basic, mainiacjoe_overflow_tiny_flanked, serial_shops, shop

Skill      XL: |  1  2  3  4 |
---------------+-------------+-----
Armour         | 1 2 |  2.1
Fighting       | 4 |  4.4
Long Blades    | |  3.7
Dodging        | |  2.6

Action                     |  1- 3 |  4- 6 || total
---------------------------+-------+-------++-------
  Melee: Falchion          |   103 |    33 ||   136
         Dagger            |       |    21 ||    21
 Armour: Robe              |     1 |       ||     1
         Ring mail         |    14 |       ||    14
         Chain mail        |    42 |    36 ||    78
  Dodge: Dodged            |    45 |    38 ||    83
